cohdb
Replays
Latest Replays
All Replays
Popular Replays
Top Player Replays
Match Explorer
How It Works
Community
CoH3 Stats
Reddit
Sign in to upload your games and track your stats! →
Sign in with Steam
Match 38789594
Unlisted
Match 38789594
Overview
Messages
Build Orders
End
Selects Armored Battlegroup
Selects Assault Engineers
Assault Engineer Squad
Assault Engineer Squad
Assault Engineer Squad
Construct Weapon Support Center
Assault Engineer Squad
M1919 Machine Gun Team
Infantry Support Center
Construct Medical Station
M3 Armored Personnel Carrier
Mortar Pit
Selects M31 Recovery Vehicle
Advanced Logistics
Captain Retinue
Survival Training
.30 cal Machine Gun
Selects War Machine
Assault Engineer Squad
M1919 Machine Gun Team
Bazooka Squad
Construct Tank Depot
Bazooka Squad
Selects Strength in Steel
denny870522
REGULATOR
0
0
Comments
sign in to comment!
No comments posted yet!